 Dungeon Crawl Stone Soup version 0.22-a0-430-g6609fc6 (webtiles) character file.

118 torrenera the Ruffian (level 4, 0/45 HPs)
             Began as a Troll Monk on May 26, 2018.
             Slain by an ice beast (6 damage)
             ... on level 2 of the Dungeon.
             The game lasted 00:03:10 (1306 turns).

torrenera the Ruffian (Troll Monk)                  Turns: 1306, Time: 00:03:11

Health: 0/45       AC:  5    Str: 20    XL:     4   Next: 72%
Magic:  3/3        EV: 10    Int:  6    God:
Gold:   59         SH:  0    Dex: 12    Spells: 3/3 levels left

rFire    . . .     SeeInvis .     - Unarmed
rCold    . . .     Gourm    +   (no shield)
rNeg     . . .     Faith    .   a - +0 robe
rPois    .         Spirit   .   (helmet restricted)
rElec    .         Reflect  .   (no cloak)
rCorr    .         Harm     .   (gloves unavailable)
MR       .....                  (boots unavailable)
Stlth    ++........             (no amulet)
HPRegen  0.55/turn              (no ring)
MPRegen  0.08/turn              (no ring)

@: no status effects
A: large, unfitting armour, claws 3, fast metabolism 3, gourmand, regeneration
1, shaggy fur 1, tough skin 2
a: no special abilities


You were on level 2 of the Dungeon.
You were very full.

You visited 1 branch of the dungeon, and saw 2 of its levels.

You collected 59 gold pieces.

Inventory:

Hand Weapons
 r - a +0 hunting sling
Missiles
 i - 85 stones
 s - 3 large rocks (quivered)
Armour
 a - a +0 robe (worn)
Jewellery
 d - a +4 ring of dexterity {unknown}
 g - a cursed ring of teleportation {unknown}
 h - a cursed -3 ring of intelligence {unknown}
 m - a cursed amulet of inaccuracy {unknown}
 p - an uncursed ring of magical power {unknown}
Scrolls
 c - a scroll of enchant armour {unknown}
 j - 2 scrolls of identify {unknown}
 n - a scroll of teleportation {unknown}
Potions
 e - a potion of berserk rage {unknown}
 f - 2 potions of lignification {unknown}
 k - 2 potions of heal wounds {unknown}
 l - a potion of might {unknown}
 q - a potion of mutation {unknown}
Comestibles
 b - 9 rations
 o - 7 chunks of flesh


   Skills:
 + Level 3.2 Fighting
 - Level 2.4 Dodging
 - Level 1.0 Stealth
 + Level 4.8 Unarmed Combat


You had 3 spell levels left.
You didn't know any spells.
Your spell library was empty.

Dungeon Overview and Level Annotations

Branches:
Dungeon (2/15)

Altars:


Innate Abilities, Weirdness & Mutations

You are too large for most types of armour.
You have claws for hands.
Your metabolism is lightning-fast.
You like to eat raw meat.
Your natural rate of healing is unusually fast.
You are covered in fur. (AC +1)
You have very tough skin. (AC +2)


Message History

The ice beast is almost dead.
The ice beast closely misses you.
Throwing (i - inventory. (/) - cycle)
s - 5 large rocks (quivered)
Press: ? - help, Shift-Dir - straight line, f/p - ice beast
Aim: an ice beast (almost dead)
You throw a large rock.
The large rock hits the ice beast but does no damage.
The ice beast is almost dead.
The ice beast hits you. The ice beast freezes you!
* * * LOW HITPOINT WARNING * * *
The ice beast completely misses you. The hobgoblin barely misses you.
Throwing (i - inventory. (/) - cycle)
s - 4 large rocks (quivered)
Press: ? - help, Shift-Dir - straight line, f/p - ice beast
Aim: an ice beast (almost dead)
You throw a large rock.
The large rock completely misses the ice beast.
The ice beast hits you.
* * * LOW HITPOINT WARNING * * *
The ice beast freezes you.
You die...

#########.# #.#
##########.# ........#[#
#...##.#.# #...##.#.#
#...##.#.# #....#'#.#
#(.(Y@>..######
#######+#.#.g...........
#.........##.....####...
#.........##.....#
#.(.....g.##.#'#.#
#######.#.##.#.#.#
#.#.##.#.#.#
#.#.##.#.#.#
#.#.##.#.#.#


You could see an ice beast and a hobgoblin.

Vanquished Creatures
  A bullfrog zombie (D:2)
  5 adders (D:2)
  A worm (D:2)
  A dart slug (D:1)
  A leopard gecko (D:2)
  4 bats (D:1)
  4 giant cockroaches (D:2)
  2 hobgoblins (D:1)
  4 jackals (D:2)
  4 goblins
  4 rats
31 creatures vanquished.

Vanquished Creatures (others)
  4 toadstools (D:1)
4 creatures vanquished.

Grand Total: 35 creatures vanquished

Notes
Turn   | Place    | Note
-------+----------+-------------------------------------------
     0 | D:1      | torrenera the Troll Monk began the quest for the Orb.
     0 | D:1      | Reached XP level 1. HP: 22/22 MP: 0/0
   168 | D:1      | Reached XP level 2. HP: 28/29 MP: 1/1
   813 | D:2      | Reached XP level 3. HP: 26/36 MP: 2/2
   921 | D:2      | Reached skill level 4 in Unarmed Combat
   921 | D:2      | Reached XP level 4. HP: 43/45 MP: 3/3
  1283 | D:2      | Noticed an ice beast
  1306 | D:2      | Slain by an ice beast

Vault maps used:
D:1:      ldierk_walled_garden_2, minmay_misc_feat_five, minivault_26
D:2:      lemuel_round_altar, first_ration

Skill      XL: |  1  2  3 |
---------------+----------+-----
Fighting       | 3 |  3.2
Unarmed Combat | 4 |  4.8
Dodging        | |  2.4
Stealth        | |  1.0

Action                   |  1- 3 |  4- 6 || total
-------------------------+-------+-------++-------
Melee: Unarmed           |    56 |    62 ||   118
       Punch             |     1 |     1 ||     2
Throw: Large rock        |       |     3 ||     3
 Stab: Sleeping          |     1 |       ||     1
  Eat: Chunk             |    12 |     5 ||    17
Armor: Robe              |    28 |    25 ||    53
Dodge: Dodged            |    41 |    36 ||    77

Table legend:
 A = Spawn XP
 B = Non-spawn XP
 C = Spawn XP percentage of total XP
 D = Spawn monster count
 E = Non-spawn monster count
 F = Spawn count percentage of total count
 G = Total turns spent on level
                    A         B        C        D         E        F      G
               +---------+---------+-------+---------+---------+-------+---------
         Total |       0 |     169 |   0.0 |       0 |      31 |   0.0 |  1306
               +---------+---------+-------+---------+---------+-------+---------
           D:1 |       0 |      19 |   0.0 |       0 |      10 |   0.0 |   762
           D:2 |       0 |     150 |   0.0 |       0 |      21 |   0.0 |   544
               +---------+---------+-------+---------+---------+-------+---------
